 Dungeon Crawl Stone Soup version 0.22-b1-21-g5cfc168 (webtiles) character file.

139 tyranidshit the Skirmisher (level 5, 0/46 HPs)
             Began as a Demonspawn Abyssal Knight on Aug 2, 2018.
             Was a Believer of Lugonu.
             Succumbed to an orc wizard's poison
             ... on level 3 of the Dungeon.
             The game lasted 00:05:14 (2602 turns).

tyranidshit the Skirmisher (DsAK)                   Turns: 2602, Time: 00:05:14

Health: 0/46       AC:  8    Str: 13      XL:     5   Next: 1%
Magic:  6/6        EV:  9    Int: 13      God:    Lugonu [**....]
Gold:   203        SH:  0    Dex: 12 (13) Spells: 4/4 levels left

rFire    . . .     SeeInvis .   a - +2 hand axe
rCold    . . .     Gourm    .   (no shield)
rNeg     . . .     Faith    .   e - +0 scale mail
rPois    .         Spirit   +   (no helmet)
rElec    .         Reflect  .   (no cloak)
rCorr    .         Harm     .   (no gloves)
MR       ++...                  (no boots)
Stlth    ..........             (no amulet)
HPRegen  0.15/turn              d - ring of protection from magic
MPRegen  0.10/turn              k - ring of protection from magic

@: lethally poisoned (0 -> -23)
A: claws 1, icy blue scales 1, magic shield
a: Depart the Abyss, Bend Space, Renounce Religion


You were on level 3 of the Dungeon.
You worshipped Lugonu.
Lugonu was pleased with you.
You were not hungry.

You visited 1 branch of the dungeon, and saw 4 of its levels.
You visited the Abyss 1 time.

You collected 203 gold pieces.

Inventory:

Hand Weapons
 a - a +2 hand axe (weapon)
Armour
 b - a +0 leather armour
 e - a +0 scale mail (worn)
 i - a +0 ring mail
Jewellery
 d - a ring of protection from magic (left claw)
 k - a ring of protection from magic (right claw)
Scrolls
 f - 3 scrolls of teleportation
Potions
 g - a potion of flight
Comestibles
 c - 6 rations


   Skills:
 + Level 5.7 Fighting
 - Level 1.7 Axes
 - Level 1.7 Armour
 - Level 0.8 Dodging
 - Level 2.4 Invocations


You had 4 spell levels left.
You didn't know any spells.
Your spell library was empty.

Dungeon Overview and Level Annotations

Branches:
Dungeon (4/15)
 Temple: D:4-7

Altars:
Okawaru

Annotations:
D:3 Ijyb


Innate Abilities, Weirdness & Mutations

You have sharp fingernails.
You are partially covered in icy blue scales. (AC +2)
When hurt, damage is shared between your health and your magic reserves.


Message History

You feel your strength returning.
You have reached level 5!
Your demonic ancestry asserts itself...
You feel your magical essence form a protective shroud around your flesh.
You feel very sick.
* * * LOW HITPOINT WARNING * * *
You feel sick.
Things that are here:
a dagger of venom; a robe; an orc corpse
* * * LOW HITPOINT WARNING * * *
You feel very sick.
* * * LOW HITPOINT WARNING * * *
You feel very sick.
* * * LOW HITPOINT WARNING * * *
You feel sick.
* * * LOW HITPOINT WARNING * * *
You feel sick.
* * * LOW HITPOINT WARNING * * *
You feel sick.
You die...

.# #.#####.# #.# .#
#.##.##.# #.# .#
#.#...#.# #.#
.#####.......###.#
.....#.......##..###
.###.#......###.##.##
.# #.#.#...###..##..#
.# #.#.##.## ###.>###
## #......# ###@.###
###.#..####..##..#
#........#.##.##
###..###......#
########..# ########
..........#
########.## #.# #.#


There were no monsters in sight!

Vanquished Creatures
  An orc wizard (D:3)
  A worker ant (D:3)
  2 adders
  2 worms
  2 dart slugs
  5 orcs (D:3)
  3 giant cockroaches
  8 hobgoblins
  9 jackals
  A ball python (D:3)
  2 bats (D:3)
  9 frilled lizards
  4 goblins
  5 kobolds
  3 rats
57 creatures vanquished.

Notes
Turn   | Place    | Note
-------+----------+-------------------------------------------
     0 | Abyss:1  | tyranidshit the Demonspawn Abyssal Knight began the quest for the Orb.
     0 | Abyss:1  | Reached XP level 1. HP: 18/18 MP: 2/2
     6 | Abyss:1  | Found a burning altar of Makhleb.
    41 | Abyss:1  | Found a corrupted altar of Lugonu.
   101 | Abyss:1  | Noticed an ancient zyme
   102 | D:1      | Escaped the Abyss
   684 | D:1      | Gained mutation: You are partially covered in icy blue scales. (AC +2) [demonic ancestry]
   684 | D:1      | Reached XP level 2. HP: 14/24 MP: 3/3
   840 | D:1      | Reached skill level 4 in Fighting
   967 | D:2      | Reached * piety under Lugonu
  1021 | D:2      | Reached XP level 3. HP: 18/30 MP: 4/4
  1606 | D:3      | Found an iron altar of Okawaru.
  1799 | D:3      | Gained mutation: You have sharp fingernails. [demonic ancestry]
  1799 | D:3      | Reached XP level 4. HP: 37/38 MP: 5/5
  1827 | D:3      | Reached skill level 5 in Fighting
  2089 | D:3      | Reached ** piety under Lugonu
  2204 | D:4      | Noticed Ijyb
  2298 | D:3      | HP: 1/39 [worker ant (2)]
  2595 | D:3      | Gained mutation: When hurt, damage is shared between your health and your magic reserves. [demonic ancestry]
  2595 | D:3      | Reached XP level 5. HP: 19/46 MP: 6/6
  2601 | D:3      | HP: 2/46 [poisoned by an orc wizard]
  2602 | D:3      | Succumbed to an orc wizard's poison

Skill      XL: |  1  2  3  4 |
---------------+-------------+-----
Fighting       | 4 5 |  5.7
Axes           | |  1.7
Armour         | |  1.7
Dodging        | |  0.8
Invocations    | |  2.4

Action                   |  1- 3 |  4- 6 || total
-------------------------+-------+-------++-------
Melee: Hand axe          |   155 |    56 ||   211
Invok: Depart the Abyss  |     1 |       ||     1
  Use: Scroll            |     4 |     2 ||     6
       Potion            |     4 |       ||     4
  Eat: Ration            |     1 |     1 ||     2
Armor: Leather armour    |    23 |       ||    23
       Ring mail         |    32 |       ||    32
       Scale mail        |    16 |    23 ||    39
Dodge: Dodged            |   104 |    31 ||   135
